 Dungeon Crawl Stone Soup version 0.25.1-1-g288607f5aa (webtiles) character file.

Game seed: 1241998376543658232

191 Curus the Slasher (level 5, -12/45 HPs)
             Began as a Minotaur Abyssal Knight on July 28, 2020.
             Was a Believer of Lugonu.
             Killed by nerve-wracking pain
             ... invoked by Grinder
              (14 damage)
             ... on level 3 of the Dungeon.
             The game lasted 00:12:15 (2426 turns).

Curus the Slasher (Minotaur Abyssal Knight)         Turns: 2426, Time: 00:12:15

Health: -12/45     AC:  8    Str: 17      XL:     5   Next: 41%
Magic:  7/7        EV:  7    Int:  8 (9)  God:    Lugonu [**....]
Gold:   186        SH:  0    Dex: 10      Spells: 4/4 levels left

rFire    . . .     SeeInvis .   a - +3 falchion
rCold    . . .     Gourm    .   (no shield)
rNeg     . . .     Faith    .   d - +0 chain mail
rPois    .         Spirit   .   (helmet restricted)
rElec    .         Reflect  .   (no cloak)
rCorr    .         Harm     .   (no gloves)
MR       .....                  (no boots)
Stlth    ..........             (no amulet)
HPRegen  0.15/turn              (no ring)
MPRegen  0.10/turn              (no ring)

@: no status effects
A: retaliatory headbutt, horns 2
a: Depart the Abyss, Bend Space, Renounce Religion


You were on level 3 of the Dungeon.
You worshipped Lugonu.
Lugonu was pleased with you.
You were not hungry.

You visited 1 branch of the dungeon, and saw 3 of its levels.
You visited the Abyss 1 time.

You collected 186 gold pieces.

Inventory:

Hand Weapons
 a - a +3 falchion (weapon)
Armour
 b - a +0 leather armour
 d - a +0 chain mail (worn)
Wands
 g - a wand of digging (5)
Scrolls
 e - 2 scrolls of identify
 h - 2 scrolls of remove curse
Comestibles
 c - 8 rations
 f - 4 chunks of flesh


   Skills:
 - Level 3.6 Fighting
 + Level 5.1 Long Blades
 - Level 2.4 Armour
 - Level 1.1 Dodging
 + Level 4.1 Invocations


You had 4 spell levels left.
You didn't know any spells.
Your spell library was empty.

Dungeon Overview and Level Annotations

Branches:
Dungeon (3/15)

Altars:
Dithmenos

Annotations:
D:3 Grinder


Innate Abilities, Weirdness & Mutations

You reflexively headbutt those who attack you in melee.
You have a pair of horns on your head.


Message History

Your chain mail prevents you from hitting Grinder.
Grinder is severely wounded.
Grinder barely misses you.
You riposte.
You slash Grinder!
Grinder is almost dead.
The worm barely misses you.
You closely miss Grinder. Your headbutt misses Grinder.
Grinder is almost dead.
Grinder gestures at you. You resist with significant effort.
The worm bites you but does no damage.
The ogre shouts!
You hit Grinder.
Grinder is almost dead.
Grinder hits you.
* * * LOW HITPOINT WARNING * * *
You writhe in agony.
* * * LOW HITPOINT WARNING * * *
A hobgoblin comes into view. It is wielding a +0 club.
Grinder gestures at you. Pain shoots through your body!
You die...

#..#.# #..# #.......>.
#..#.# #..###.#######.
#.5#.# #.......# #. #..#.#
#...###.######. #..#.#
#...# #........ #..#.#
#...###.####### #..#
#.......<.####.
#..##########...#.###.##...
#.......5.@........)<....#.
#.#.##..w##.#...#.###)#####
#...##.#.##.##o.#..........
###.........^.....###.#####
####.......##. #.# #
.w............. #.#####
####.##O..#..## ....... #g
#.#...... #..#### #
#...##.## .......


You could see Grinder and a worm.

Vanquished Creatures
  2 orc wizards (D:3)
  Terence (D:2)
  5 adders
  A gnoll (D:1)
  2 worms
  A dart slug (D:1)
  3 leopard geckos
  2 orcs (D:3)
  3 giant cockroaches
  3 goblins
  6 hobgoblins
  3 jackals (D:2)
  2 kobolds (D:2)
  A quokka (D:2)
  A ball python (D:1)
  7 bats
  2 frilled lizards (D:1)
  3 rats (D:1)
48 creatures vanquished.

Notes
Turn   | Place    | Note
-------+----------+-------------------------------------------
     0 | Abyss:1  | Curus the Minotaur Abyssal Knight began the quest for the
                  | Orb.
     0 | Abyss:1  | Reached XP level 1. HP: 19/19 MP: 1/1
    23 | Abyss:1  | Noticed a freezing wraith
    24 | D:1      | Escaped the Abyss
   179 | D:1      | Reached * piety under Lugonu
   185 | D:1      | Reached skill level 3 in Long Blades
   185 | D:1      | Reached XP level 2. HP: 4/26 MP: 2/2
  1045 | D:1      | Reached XP level 3. HP: 29/31 MP: 2/4
  1589 | D:2      | Noticed Terence
  1600 | D:2      | Killed Terence
  1600 | D:2      | Reached skill level 4 in Long Blades
  1600 | D:2      | Reached XP level 4. HP: 36/39 MP: 5/5
  1775 | D:2      | Found a shadowy altar of Dithmenos.
  2158 | D:3      | Noticed Grinder
  2159 | D:3      | Noticed an ogre
  2280 | D:3      | Reached ** piety under Lugonu
  2348 | D:3      | Reached XP level 5. HP: 44/45 MP: 6/6
  2414 | D:3      | Reached skill level 5 in Long Blades
  2425 | D:3      | HP: 1/45 [Grinder (6)]
  2426 | D:3      | Killed from afar by Grinder

Illustrated notes

Levels and vault maps discovered:
D:1:      ncdulo_lavacross, layout_basic, minmay_cut_off
D:2:      layout_basic, grunt_dithmenos_smoke, first_ration,
          lightli_corner_chamber, uniq_terence
D:3:      layout_loops_ring, minivault_5, minmay_stone_trees_medium,
          uniq_grinder

Skill      XL: |  1  2  3  4  5 |
---------------+----------------+-----
Invocations    | 2 3 4 |  4.1
Long Blades    | 3 4 5 |  5.1
Fighting       | |  3.6
Armour         | |  2.4
Dodging        | |  1.1

Action                   |  1- 3 |  4- 6 || total
-------------------------+-------+-------++-------
Melee: Falchion          |    72 |    70 ||   142
       Headbutt          |    15 |     6 ||    21
Invok: Depart the Abyss  |     1 |       ||     1
  Use: Scroll            |     6 |     2 ||     8
       Potion            |     1 |     1 ||     2
  Eat: Chunk             |     2 |     3 ||     5
Armor: Leather armour    |     3 |       ||     3
       Chain mail        |    24 |    53 ||    77
Dodge: Dodged            |    30 |    23 ||    53
       Rpst.: Falchion   |     8 |     6 ||    14
